3L
LOUISVILLE BC @ KINGSTON TOWNSHIP LEGION
08/10/2025
 
TOP OF THE 1ST
Louisville BC batting - Pitching for Kingston Township Legion : RHP Woody Carlson
Pitching: RHP Woody Carlson
Batting: SHB Eddie Ménard 0-0: Foul Ball, location: 2F
0-1: Foul Ball, location: 2F
0-2: Ground out 3-1 (Groundball, 34)
Batting: RHB Roland Deschain 0-0: SINGLE (Line Drive, 34D)
Batting: LHB Luis Velázquez 0-0: Ball
1-0: Called Strike
1-1: Ball
2-1: Ball
3-1: Swinging Strike
3-2: Foul Ball, location: 2F
3-2: Foul Ball, location: 2F
3-2: Ground out 1-3 (Groundball, 13)
Roland Deschain to second
Batting: SHB Chris Williamson 0-0: Ball
1-0: Ball
2-0: Fly out, F7 (Flyball, 7LM)
Top of the 1st over - 0 run(s), 1 hit(s), 0 error(s), 1 left on base; Louisville 0 - Kingston Township 0
BOTTOM OF THE 1ST
Kingston Township Legion batting - Pitching for Louisville BC : RHP Austin Stewart
Pitching: RHP Austin Stewart
Batting: LHB Christian Blair 0-0: Ball
1-0: Ball
2-0: Called Strike
2-1: DOUBLE (Groundball, 5L)
Batting: LHB Andrés Chávez 0-0: Swinging Strike
0-1: Called Strike
0-2: Ball
1-2: Ball
2-2: Ball
3-2: Foul Ball, location: 2F
3-2: Ground out 6-3 (Groundball, 6S)
Christian Blair to third
Batting: RHB Clarence Neal 0-0: Ball
1-0: Called Strike
1-1: Swinging Strike
1-2: Ball
2-2: Strikes out swinging
Batting: RHB Jeffery Campbell 0-0: Foul Ball, location: 2F
0-1: Ball
1-1: Ball
2-1: Ground out 3-1 (Groundball, 34)
Bottom of the 1st over - 0 run(s), 1 hit(s), 0 error(s), 1 left on base; Louisville 0 - Kingston Township 0
TOP OF THE 2ND
Louisville BC batting - Pitching for Kingston Township Legion : RHP Woody Carlson
Batting: RHB Roy Herring 0-0: Ball
1-0: Called Strike
1-1: Foul Ball, location: 2F
1-2: Ground out 1-3 (Groundball, 15)
Batting: RHB José López 0-0: Called Strike
0-1: Foul Ball, location: 2F
0-2: Ball
1-2: Ball
2-2: Ball
3-2: Foul Ball, location: 2F
3-2: Foul Ball, location: 2F
3-2: Foul Ball, location: 2F
3-2: Base on Balls
Batting: LHB Ray Anderson 0-0: Ball
1-0: Ball
2-0: Ball
3-0: Base on Balls
José López to second
Batting: LHB António González 0-0: Ball
1-0: Called Strike
1-1: Swinging Strike
1-2: Strikes out swinging
Batting: LHB Joram Nelen 0-0: Called Strike
0-1: Ball
1-1: Ground out U3 (Groundball, 3)
Top of the 2nd over - 0 run(s), 0 hit(s), 0 error(s), 2 left on base; Louisville 0 - Kingston Township 0
BOTTOM OF THE 2ND
Kingston Township Legion batting - Pitching for Louisville BC : RHP Austin Stewart
Batting: RHB José Icaza 0-0: Swinging Strike
0-1: SINGLE (Groundball, 6D)
Batting: RHB Pedro Mendoza 0-0: SINGLE (Groundball, 56D)
José Icaza to second
Batting: RHB Juan Aguirre 0-0: Foul Ball, location: 2F
0-1: Ball
1-1: Ground out 5-3 (Groundball, 56S)
José Icaza to third
Pedro Mendoza to second
Batting: LHB Forrest McCooke 0-0: Ball
1-0: Ball
2-0: Ground out 5-3 (Groundball, 56)
José Icaza scores
Batting: LHB Martín Núńes 0-0: Called Strike
0-1: Ball
1-1: Called Strike
1-2: Foul Ball, location: 2F
1-2: Strikes out looking
Bottom of the 2nd over - 1 run(s), 2 hit(s), 0 error(s), 1 left on base; Louisville 0 - Kingston Township 1
TOP OF THE 3RD
Louisville BC batting - Pitching for Kingston Township Legion : RHP Woody Carlson
Batting: SHB Eddie Ménard 0-0: Ball
1-0: Ball
2-0: Called Strike
2-1: Foul Ball, location: 2F
2-2: Strikes out looking
Batting: RHB Roland Deschain 0-0: Ball
1-0: Foul Ball, location: 2F
1-1: Ball
2-1: Foul Ball, location: 2F
2-2: Foul Ball, location: 2F
2-2: Ball
3-2: Foul Ball, location: 2F
3-2: Ground out 5-3 (Groundball, 56S)
Batting: LHB Luis Velázquez 0-0: Swinging Strike
0-1: Ball
1-1: Called Strike
1-2: Ball
2-2: Fly out, F6 (Line Drive, 6M)
Top of the 3rd over - 0 run(s), 0 hit(s), 0 error(s), 0 left on base; Louisville 0 - Kingston Township 1
BOTTOM OF THE 3RD
Kingston Township Legion batting - Pitching for Louisville BC : RHP Austin Stewart
Batting: LHB Christian Blair 0-0: Foul Ball, location: 2F
0-1: SINGLE (Groundball, 4MD)
Batting: LHB Andrés Chávez 0-0: Called Strike
0-1: Ball
1-1: Foul Ball, location: 2F
1-2: Ball
2-2: Strikes out swinging
Batting: RHB Clarence Neal 0-0: Ball
1-0: Foul Ball, location: 2F
1-1: Foul Ball, location: 2F
1-2: Grounds into double play, 5-4-3 (Groundball, 5)
Bottom of the 3rd over - 0 run(s), 1 hit(s), 0 error(s), 0 left on base; Louisville 0 - Kingston Township 1
TOP OF THE 4TH
Louisville BC batting - Pitching for Kingston Township Legion : RHP Woody Carlson
Batting: SHB Chris Williamson 0-0: Ball
1-0: Ball
2-0: Ball
3-0: Called Strike
3-1: Foul Ball, location: 2F
3-2: Strikes out looking
Batting: RHB Roy Herring 0-0: Called Strike
0-1: Ball
1-1: Ground out 6-3 (Groundball, 6MS)
Batting: RHB José López 0-0: Ball
1-0: Ball
2-0: Reached on error, E6 (Groundball, 6)
Batting: LHB Ray Anderson 0-0: Ball
1-0: Swinging Strike
1-1: Called Strike
1-2: Ball
2-2: Strikes out swinging
Top of the 4th over - 0 run(s), 0 hit(s), 1 error(s), 1 left on base; Louisville 0 - Kingston Township 1
BOTTOM OF THE 4TH
Kingston Township Legion batting - Pitching for Louisville BC : RHP Austin Stewart
Batting: RHB Jeffery Campbell 0-0: Foul Ball, location: 2F
0-1: Called Strike
0-2: Ball
1-2: Foul Ball, location: 2F
1-2: Strikes out swinging
Batting: RHB José Icaza 0-0: Called Strike
0-1: Called Strike
0-2: Ball
1-2: Ball
2-2: Foul Ball, location: 2F
2-2: Ground out 5-3 (Groundball, 5)
Batting: RHB Pedro Mendoza 0-0: Ball
1-0: Foul Ball, location: 2F
1-1: Ground out 6-3 (Groundball, 56)
Bottom of the 4th over - 0 run(s), 0 hit(s), 0 error(s), 0 left on base; Louisville 0 - Kingston Township 1
TOP OF THE 5TH
Louisville BC batting - Pitching for Kingston Township Legion : RHP Woody Carlson
Batting: LHB António González 0-0: Called Strike
0-1: Ball
1-1: Ball
2-1: Foul Ball, location: 2F
2-2: Strikes out swinging
Batting: LHB Joram Nelen 0-0: Ball
1-0: SINGLE (Line Drive, 4D)
Batting: SHB Eddie Ménard 0-0: SINGLE (Flyball, 7S)
Joram Nelen to second
Batting: RHB Roland Deschain Balk!
Joram Nelen to third
Eddie Ménard to second
0-0: Fly out, F8 (Line Drive, 8LD)
Runner from 3rd tags up, SCORES, no throw
Eddie Ménard to third
Batting: LHB Luis Velázquez 0-0: Called Strike
0-1: Ball
1-1: Ball
2-1: DOUBLE (Flyball, 78XD)
Eddie Ménard scores
Batting: SHB Chris Williamson 0-0: Called Strike
0-1: Swinging Strike
0-2: Ball
1-2: Ball
2-2: Foul Ball, location: 2F
2-2: SINGLE (Flyball, 78S)
Luis Velázquez to third
Runner from 3rd tries for Home, SAFE, throw made home
Chris Williamson to second
Batting: RHB Roy Herring 0-0: SINGLE (Flyball, 9LS)
Chris Williamson to third
Runner from 3rd tries for Home, SAFE, no throw
Batting: RHB José López 0-0: Ball
1-0: Ball
2-0: Called Strike
2-1: Foul Ball, location: 2F
2-2: Strikes out swinging
Top of the 5th over - 4 run(s), 5 hit(s), 0 error(s), 1 left on base; Louisville 4 - Kingston Township 1
BOTTOM OF THE 5TH
Kingston Township Legion batting - Pitching for Louisville BC : RHP Austin Stewart
Batting: RHB Juan Aguirre 0-0: Fly out, F4 (Line Drive, 4MD)
Batting: LHB Forrest McCooke 0-0: Ball
1-0: Ball
2-0: Bunt for hit - play at first, batter safe!
Pitching: RHP Antonio Godfrey
Batting: LHB Martín Núńes 0-0: Ball
1-0: Ball
2-0: Ground out U3 (Groundball, 34S)
Forrest McCooke to second
Batting: LHB Christian Blair 0-0: Ball
1-0: Ball
2-0: Ball
3-0: Base on Balls
Batting: LHB Andrés Chávez 0-0: Called Strike
0-1: Foul Ball, location: 2F
0-2: Ball
1-2: Strikes out looking
Bottom of the 5th over - 0 run(s), 1 hit(s), 0 error(s), 2 left on base; Louisville 4 - Kingston Township 1
TOP OF THE 6TH
Louisville BC batting - Pitching for Kingston Township Legion : RHP Woody Carlson
Batting: LHB Ray Anderson 0-0: Ball
1-0: Ground out 4-3 (Groundball, 4)
Batting: LHB António González 0-0: Called Strike
0-1: Swinging Strike
0-2: Ground out 6-3 (Groundball, 6)
Batting: LHB Joram Nelen 0-0: Ball
1-0: Ball
2-0: Called Strike
2-1: Foul Ball, location: 2F
2-2: Foul Ball, location: 2F
2-2: Ball
3-2: Foul Ball, location: 2F
3-2: Strikes out swinging
Top of the 6th over - 0 run(s), 0 hit(s), 0 error(s), 0 left on base; Louisville 4 - Kingston Township 1
BOTTOM OF THE 6TH
Kingston Township Legion batting - Pitching for Louisville BC : RHP Antonio Godfrey
Batting: RHB Clarence Neal 0-0: Ball
1-0: Ball
2-0: Foul Ball, location: 2F
2-1: Swinging Strike
2-2: Ground out 4-3 (Groundball, 4)
Batting: RHB Jeffery Campbell 0-0: Ground out 6-3 (Groundball, 6)
Batting: RHB José Icaza 0-0: Called Strike
0-1: Ball
1-1: Called Strike
1-2: Foul Ball, location: 2F
1-2: Foul Ball, location: 2F
1-2: Fly out, F7 (Flyball, 7D)
Bottom of the 6th over - 0 run(s), 0 hit(s), 0 error(s), 0 left on base; Louisville 4 - Kingston Township 1
TOP OF THE 7TH
Louisville BC batting - Pitching for Kingston Township Legion : RHP Woody Carlson
Batting: SHB Eddie Ménard 0-0: Foul Ball, location: 2F
0-1: Ball
1-1: Foul Ball, location: 2F
1-2: Ball
2-2: Fly out, F9 (Flyball, 9S)
Batting: RHB Roland Deschain 0-0: Ground out 5-3 (Groundball, 56S)
Batting: LHB Luis Velázquez 0-0: Called Strike
0-1: Called Strike
0-2: Ball
1-2: Ball
2-2: Foul Ball, location: 2F
2-2: Ball
3-2: Foul Ball, location: 2F
3-2: Foul Ball, location: 2F
3-2: SINGLE (Groundball, 4D)
Pitching: RHP Jesús Prieto
Batting: SHB Chris Williamson 0-0: Ball
1-0: Swinging Strike
1-1: Foul Ball, location: 2F
1-2: Foul Ball, location: 2F
1-2: Strikes out swinging
Top of the 7th over - 0 run(s), 1 hit(s), 0 error(s), 1 left on base; Louisville 4 - Kingston Township 1
BOTTOM OF THE 7TH
Kingston Township Legion batting - Pitching for Louisville BC : RHP Antonio Godfrey
Batting: RHB Pedro Mendoza 0-0: Ball
1-0: Ball
2-0: SINGLE (Flyball, 89S)
Batting: RHB Juan Aguirre 0-0: Sac Bunt - play at first, batter OUT! 1-3
Pedro Mendoza to second
Batting: LHB Forrest McCooke 0-0: SINGLE (Groundball, 6D)
Pedro Mendoza to third
Runner from 3rd tries for Home, SAFE, throw made home
Forrest McCooke to second
Batting: LHB Martín Núńes 0-0: Foul Ball, location: 2F
0-1: Reached on error, E3 (Popup, 34S)
Forrest McCooke to third
Batting: LHB Christian Blair 0-0: Called Strike
0-1: Called Strike
0-2: Ball
1-2: Ball
2-2: Fielders Choice at 2nd, 3-6 (Groundball, 34)
Forrest McCooke scores
Batting: LHB Andrés Chávez 0-0: Foul Ball, location: 2F
0-1: Called Strike
0-2: Strikes out swinging
Bottom of the 7th over - 2 run(s), 2 hit(s), 1 error(s), 1 left on base; Louisville 4 - Kingston Township 3
TOP OF THE 8TH
Louisville BC batting - Pitching for Kingston Township Legion : RHP Jesús Prieto
Batting: RHB Roy Herring 0-0: Ball
1-0: Ball
2-0: Ball
3-0: Base on Balls
Batting: RHB José López 0-0: Foul Ball, location: 2F
0-1: Ground out 5-3 (Groundball, 56S)
Roy Herring to second
Batting: LHB Ray Anderson 0-0: Ball
1-0: Ball
2-0: Ball
3-0: Base on Balls
Batting: LHB António González 0-0: Ball
1-0: Called Strike
1-1: Foul Ball, location: 2F
1-2: Strikes out looking
Batting: LHB Joram Nelen 0-0: Called Strike
0-1: Called Strike
0-2: Foul Ball, location: 2F
0-2: Strikes out swinging
Top of the 8th over - 0 run(s), 0 hit(s), 0 error(s), 2 left on base; Louisville 4 - Kingston Township 3
BOTTOM OF THE 8TH
Kingston Township Legion batting - Pitching for Louisville BC : RHP Antonio Godfrey
Pitching: RHP Vincente Ortíz
Batting: RHB Clarence Neal 0-0: Foul Ball, location: 2F
0-1: Foul Ball, location: 2F
0-2: Ball
1-2: Foul Ball, location: 2F
1-2: Fly out, F6 (Line Drive, 6M)
Batting: RHB Jeffery Campbell 0-0: Ball
1-0: Called Strike
1-1: Called Strike
1-2: Ball
2-2: Strikes out looking
Batting: RHB José Icaza 0-0: Called Strike
0-1: Ball
1-1: Swinging Strike
1-2: Ball
2-2: Strikes out looking and he ARGUES THE CALL AND IS TOSSED!
Bottom of the 8th over - 0 run(s), 0 hit(s), 0 error(s), 0 left on base; Louisville 4 - Kingston Township 3
TOP OF THE 9TH
Louisville BC batting - Pitching for Kingston Township Legion : RHP Jesús Prieto
Now at C: Jim Scott
Batting: SHB Eddie Ménard 0-0: Called Strike
0-1: Foul Ball, location: 2F
0-2: Ball
1-2: Foul Ball, location: 2F
1-2: Ball
2-2: Foul Ball, location: 2F
2-2: Foul Ball, location: 2F
2-2: Strikes out looking
Batting: RHB Roland Deschain 0-0: SINGLE (Groundball, 4D)
Batting: LHB Luis Velázquez 0-0: Called Strike
Roland Deschain steals 2nd base
0-1: Foul Ball, location: 2F
0-2: Ball
1-2: Foul Ball, location: 2F
1-2: Strikes out swinging
Batting: SHB Chris Williamson 0-0: Ball
1-0: Ground out 6-3 (Groundball, 6M)
Top of the 9th over - 0 run(s), 1 hit(s), 0 error(s), 1 left on base; Louisville 4 - Kingston Township 3
BOTTOM OF THE 9TH
Kingston Township Legion batting - Pitching for Louisville BC : RHP Vincente Ortíz
Pitching: LHP Ronaldo Rey
Now at 3B: Arturo Acevedo
Pinch Hitting: RHB EP Weston 0-0: Foul Ball, location: 2F
0-1: Ball
1-1: Called Strike
1-2: Ground out 1-3 (Groundball, 13S)
Batting: RHB Juan Aguirre 0-0: Fly out, F8 (Flyball, 8RXD)
Batting: LHB Forrest McCooke 0-0: Called Strike
0-1: Foul Ball, location: 2F
0-2: Ball
1-2: SINGLE (Groundball, 4MD)
Pinch Hitting: RHB Rodrigo Pagán 0-0: Ball
Forrest McCooke is caught stealing 2nd base
Bottom of the 9th over - 0 run(s), 1 hit(s), 0 error(s), 0 left on base; Louisville 4 - Kingston Township 3
Friday, December 30th, 2016 - OOTP Baseball 17.12 Build 75